 Dungeon Crawl Stone Soup version 0.31.0-32-g396128a36d (webtiles) character file.

Game seed: 12677539120218914341

108332 ripuliukko the Eclecticist (level 16, -5/93 HPs)
             Began as a Gargoyle Earth Elementalist on Apr 14, 2024.
             Was the Champion of Vehumet.
             Slain by a wolf spider (10 damage)
             ... on level 1 of the Spider Nest.
             The game lasted 00:46:23 (24490 turns).

ripuliukko the Eclecticist (GrEE)                  Turns: 24490, Time: 00:46:24

Health: -5/93      AC: 17    Str: 12    XL:     16   Next: 49%
Magic:  23/44      EV: 12    Int: 27    God:    Vehumet [******]
Gold:   2587       SH:  9    Dex: 12    Spells: 7/46 levels left

rFire   . . .        a - staff of conjuration
rCold   . . .        U - +3 buckler
rNeg    + . .        V - +3 troll leather armour
rPois   ∞            P - +2 helmet {Int+3}
rElec   +            q - scarf {shadows}
rCorr   .            s - +2 pair of gloves of the Bulwark {rElec rPois Dex+2}
SInv    +            (no boots)
Will    +....        r - amulet of magic regeneration
Stlth   ++           G - ring of see invisible
HPRegen 1.15/turn    z - ring of magical power
MPRegen 0.69/turn

%: no passive effects
@: radiating poison, corroded, flying
A: sickness immunity, AC +12, big wings, negative energy resistance 1,
electricity resistance, torment resistance 1, petrification resistance
a: Renounce Religion


You were on level 1 of the Spider Nest.
You worshipped Vehumet.
Vehumet was exalted by your worship.
You visited 5 branches of the dungeon, and saw 24 of its levels.
You also visited: Ice Cave and Volcano.

You collected 2722 gold pieces.
You spent 135 gold pieces at shops.

Inventory:

Hand Weapons
 g - a +4 morningstar of draining
 J - the +7 trident "Riga" {flame, rElec Dex+2 SInv Stlth+}
   (You found it on level 7 of the Dungeon)

   Dex+2:     It affects your dexterity (+2).
   rElec:     It insulates you from electricity.
   SInv:      It lets you see invisible.
   Stlth+:    It makes you more stealthy.
Missiles
 j - 25 curare-tipped darts
Armour
 q - a scarf of shadows (worn)
 s - the +2 pair of gloves of the Bulwark (worn) {rElec rPois Dex+2}
   (You found it on level 3 of the Lair of Beasts)

   Dex+2:     It affects your dexterity (+2).
   rElec:     It insulates you from electricity.
   rPois:     It protects you from poison
 P - a +2 helmet of intelligence (worn)
 Q - a +2 hat of stealth
 T - a +2 robe of fire resistance
 U - a +3 buckler (worn)
 V - a +3 troll leather armour (worn)
 X - a +0 robe of willpower
Magical Staves
 a - a staff of conjuration (weapon)
 B - a staff of fire
 E - a staff of death
 M - a staff of cold
Jewellery
 c - a ring of resist corrosion
 i - a ring of wizardry
 r - an amulet of magic regeneration (around neck)
 z - a ring of magical power (right hand)
 G - a ring of see invisible (left hand)
Wands
 d - a wand of mindburst (38)
 D - a wand of iceblast (4)
 L - a wand of flame (45)
 N - a wand of paralysis (7)
 S - a wand of digging (10)
Scrolls
 h - 2 scrolls of summoning
 k - 5 scrolls of poison
 u - 2 scrolls of teleportation
 w - 3 scrolls of immolation
 x - 3 scrolls of blinking
 A - 3 scrolls of vulnerability
 F - 3 scrolls of amnesia
 H - 3 scrolls of identify
 I - 5 scrolls of fog
 K - a scroll of enchant weapon
 R - a scroll of revelation
 W - 2 scrolls of noise
 Y - a scroll of fear
Potions
 b - 2 potions of magic
 e - 5 potions of might
 f - 3 potions of haste
 l - a potion of mutation
 m - 2 potions of enlightenment
 n - a potion of berserk rage
 o - 3 potions of brilliance
 p - a potion of resistance
 t - 2 potions of lignification
 v - 10 potions of curing
 O - 2 potions of heal wounds
Miscellaneous
 y - a phial of floods


   Skills:
 + Level 8.2 Fighting
 + Level 1.0(1.4) Maces & Flails
 + Level 1.4(1.7) Staves
 + Level 1.8 Throwing
 + Level 4.4 Armour
 + Level 3.1 Dodging
 + Level 3.3 Stealth
 + Level 7.8 Shields
 * Level 15.9 Spellcasting
 * Level 13.8 Conjurations
 * Level 3.4 Necromancy
 + Level 3.7 Fire Magic
 + Level 3.0 Ice Magic
 + Level 13.3 Earth Magic
 * Level 3.6 Alchemy
 * Level 8.7 Evocations


You had 7 spell levels left.
You knew the following spells:

 Your Spells              Type           Power      Damage    Failure   Level
a - Sandblast             Erth           100%       2d20      0%          1
e - Lee's Rapid Deconstr  Erth           37%        3d19*     1%          5
p - Iskenderun's Battles  Conj           97%        2d14      1%          5
q - Stone Arrow           Conj/Erth      100%       3d13      1%          3
r - Fireball              Conj/Fire      40%        3d16      1%          5
s - Starburst             Conj/Fire      40%        6d11      4%          6
t - Olgreb's Toxic Radia  Alch           40%        N/A       2%          4
w - Bombard               Conj/Erth      48%        9d8       1%          6
W - Brom's Barrelling Bo  Conj/Erth      97%        2d11      1%          4

Your spell library contained the following spells:

 Spells                   Type           Power      Damage    Failure   Level
 Irradiate                Conj/Alch      40%        3d25      1%          5
 Magic Dart               Conj           100%       1d8       0%          1
 Sting                    Conj/Alch      100%       1d9       1%          1
 Mercury Vapours          Alch/Air       62%        N/A       1%          2
 Passwall                 Erth           75%        N/A       1%          3
 Leda's Liquefaction      Alch/Erth      30%        N/A       1%          4
 Petrify                  Alch/Erth      61%        N/A       1%          4
 Ozocubu's Armour         Ice            37%        N/A       3%          3
 Orb of Destruction       Conj           48%        9d13      3%          7
 Apportation              Tloc           42%        N/A       4%          1
 Blink                    Tloc           42%        N/A       6%          2
 Call Imp                 Summ           42%        N/A       6%          2
 Jinxbite                 Hex            42%        N/A       6%          2
 Conjure Ball Lightning   Conj/Air       36%        3x3d12    10%         6
 Alistair's Intoxication  Alch           26%        N/A       26%         5
 Eringya's Noxious Bog    Alch           20%        4d6       32%         6
 Metabolic Englaciation   Hex/Ice        14%        N/A       52%         5
 Summon Forest            Summ/Tloc      10%        N/A       73%         5
 Sculpt Simulacrum        Ice/Alch       19%        N/A       83%         6
 Summon Hydra             Summ           10%        N/A       100%        7


Dungeon Overview and Level Annotations

Branches:
Dungeon (15/15)            Temple (1/1) D:5            Lair (5/5) D:10
  Swamp (0/4) Lair:3       Spider (1/4) Lair:3        Slime (0/5) Lair:5
    Orc (2/2) D:12            Elf (0/3) Orc:2        Vaults (0/5) D:14
 Depths (0/4) D:15          IceCv (visited)         Volcano (visited)

Altars:
Ashenzari
Cheibriados
Dithmenos
Elyvilon
Fedhas
Gozag
Hepliaklqana
Kikubaaqudgha
Makhleb
Nemelex Xobeh
Okawaru
Qazlal
Ru
Sif Muna
Trog
Uskayaw
Vehumet
Wu Jian
Xom
Yredelemnul
Zin
The Shining One
Jiyva

Shops:
D:5 :   Orc:2 [=*(

Portals:
Trove: D:11 (lose all piety)

Annotations:
D:5 1 transporter, NikiYani's ghost, novice FoFi
D:11 3 runed translucent doors, Henri's ghost, journeyman OpSh
D:14 1 runed translucent door
D:15 3 runed translucent doors, Gabide's ghost, journeyman TeCj
Lair:1 3 runed translucent doors, kalagan's ghost, journeyman DECj
Lair:4 3 runed translucent doors, mihai's ghost, journeyman MiFi


Innate Abilities, Weirdness & Mutations

You are immune to sickness and miasma.
Your stone body is resilient. (AC +12)
You are immune to poison.
Your large and strong wings let you fly.
You resist negative energy. (rN+)
You are resistant to electric shocks. (rElec)
You are resistant to unholy torment.
You are immune to petrification.


Message History

You hear a skittering sound.
Casting: Olgreb's Toxic Radiance (dangerous; 2% risk of failure)
Confirm with . or Enter, or press ? or * to list all spells.
Your toxic radiance grows in intensity.
The wolf spider looks even sicker.
The jumping spider is poisoned.
The entropy weaver looks even sicker.
The jumping spider looks even sicker.
The wolf spider hits you but does no damage.
The wolf spider bites you. The wolf spider hits you!
The wolf spider closely misses you.
The entropy weaver looks as sick as possible!
The wolf spider looks even sicker.
The jumping spider looks even sicker.
The entropy weaver points at you and mumbles some strange words.
The entropic weave corrodes you!
The entropy weaver casts a spell at you.
The entropic weave corrodes you!
Casting: Olgreb's Toxic Radiance (dangerous; 2% risk of failure)
Confirm with . or Enter, or press ? or * to list all spells.
Your toxic radiance grows in intensity.
The entropy weaver looks as sick as possible!
The wolf spider looks even sicker.
The wolf spider looks as sick as possible!
The entropy weaver looks as sick as possible!
The jumping spider leaps!
The wolf spider hits you! The wolf spider closely misses you.
The jumping spider leaps!
The wolf spider hits you! The wolf spider barely misses you.
The wolf spider looks as sick as possible! x2
Vehumet accepts your kill.
You feel your power returning.
You feel a bit more experienced.
The wolf spider hits you but does no damage.
The wolf spider closely misses you.
Casting: Olgreb's Toxic Radiance (dangerous; 2% risk of failure)
Confirm with . or Enter, or press ? or * to list all spells.
Your toxic radiance grows in intensity.
The wolf spider looks as sick as possible! x2
The wolf spider hits you!
* * * LOW HITPOINT WARNING * * *
You block the wolf spider's attack. The wolf spider hits you!
* * * LOW HITPOINT WARNING * * *
The wolf spider bites you!
You die...

.#..# ###.# .. †.†.##
^... #.. .....## .B.
#..# ...#..## .. #..#.
....#..## †##..[..
.###....########†......
.#...............#...#
........##...#.ss...###
##..#..##.......@.....#
#...#..##...##...#.#...
........##........s...#
.......#####.........^#
........#.#..........##
#.....#.#.......##.###
#..#..#.....#..## ##
#..#.............#
#........#....#...#


You could see 2 wolf spiders.

Vanquished Creatures
  Gastronok (Lair:1)
  2 frost giants
  An orc warlord (Orc:1)
  An ironbound thunderhulk (D:14)
  An eleionoma (Lair:3)
  Snorg (D:11)
  4 hydras
  A vault guard (D:14)
  A catoblepas (D:15)
  3 two-headed ogres
  A boulder beetle (D:15)
  A dancing weapon (Volcano)
  4 centaur warriors
  8 death yaks (IceCv)
  3 occultists
  7 tengu warriors
  2 orc high priests (Orc:2)
  Nergalle (Lair:3)
  A deep elf knight (D:14)
  A pharaoh ant (Spider:1)
  3 orb spiders (Spider:1)
  4 harpies (D:12)
  A lindwurm (Lair:4)
  9 orc knights
  A deep elf archer (D:14)
  Pikel (D:7)
  2 steelbarb worms (Spider:1)
  3 deep elf pyromancers (D:14)
  A cyclops (D:6)
  10 ugly things
  5 orc sorcerers
  4 wolf spiders
  3 manticores
  5 toenail golems (Volcano)
  4 black mambas
  3 meliai (D:15)
  2 kobold blastminers (Orc:2)
  An ice statue (IceCv)
  4 elephants (Lair:3)
  4 unseen horrors
  Maggie (D:8)
  13 komodo dragons
  A kobold demonologist (D:13)
  6 rime drakes
  19 cane toads
  4 tengu conjurers
  Psyche (D:8)
  13 polar bears
  6 trolls
  6 hornets
  6 tarantellas (Spider:1)
  11 blink frogs
  A dream sheep (Lair:5)
  2 culicivoras (Spider:1)
  A centaur simulacrum (D:14)
  A water elemental (D:12)
  12 spriggans (Lair:5)
  5 jumping spiders (Spider:1)
  12 slime creatures
  48 yaks
  A spriggan (shapeshifter) (D:14)
  Eustachio (D:6)
  2 wyverns
  A yak (shapeshifter) (D:13)
  6 basilisks
  7 humans
  5 wargs (Orc:2)
  A wraith (D:10)
  6 vampire mosquitoes
  A steam dragon (D:10)
  10 redbacks
  2 acid dragons
  12 water moccasins
  40 orc warriors
  A sky beast (D:7)
  2 ice beasts (D:6)
  7 black bears
  4 boggarts (Lair:5)
  4 laughing skulls
  5 ogres
  26 wolves
  7 centaurs
  2 phantoms
  3 lemures (D:7)
  5 kobold brigands
  12 bullfrogs
  A gnoll sergeant (D:9)
  3 scorpions
  22 wights
  8 killer bees
  6 howler monkeys
  8 electric eels
  A bombardier beetle (D:4)
  20 orc priests
  4 jellies
  A gnoll bouda (D:6)
  2 hounds
  A sleepcap (D:7)
  Ijyb (D:5)
  6 iguanas
  31 orc wizards
  10 gnolls
  11 adders
  A white imp (D:7)
  5 ufetubi
  A ribbon worm (D:4)
  A dart slug (D:4)
  82 orcs
  7 ball pythons
  3 bats
  9 endoplasms
  7 giant cockroaches
  8 goblins
  6 hobgoblins
  8 jackals
  7 quokkas
  A frilled lizard (D:1)
  17 kobolds
  5 rats
761 creatures vanquished.

Vanquished Creatures (collateral kills)
  5 boulders
5 creatures vanquished.

Vanquished Creatures (others)
  An ufetubus (D:6)
  6 boulders
7 creatures vanquished.

Grand Total: 773 creatures vanquished

Notes
Turn   | Place    | Note
-------+----------+-------------------------------------------
     0 | D:1      | ripuliukko the Gargoyle Earth Elementalist began the quest
                  | for the Orb.
     0 | D:1      | Reached XP level 1. HP: 10/10 MP: 3/3
   126 | D:1      | Reached XP level 2. HP: 15/15 MP: 3/5
   518 | D:1      | Reached XP level 3. HP: 19/19 MP: 4/6
   628 | D:2      | Found an ornate altar of the Wu Jian Council.
   894 | D:2      | Learned a level 3 spell: Stone Arrow
  1313 | D:3      | Reached XP level 4. HP: 24/24 MP: 8/8
  1397 | D:3      | Reached skill level 3 in Spellcasting
  1645 | D:3      | Reached skill level 5 in Earth Magic
  1746 | D:4      | Reached XP level 5. HP: 28/28 MP: 4/10
  1881 | D:4      | Reached skill level 4 in Spellcasting
  1936 | D:4      | Noticed an ogre
  1939 | D:4      | Reached XP level 6. HP: 32/32 MP: 8/12
  2096 | D:4      | Learned a level 4 spell: Brom's Barrelling Boulder
  2102 | D:4      | Learned a level 5 spell: Lee's Rapid Deconstruction
  2589 | D:5      | Entered Level 5 of the Dungeon
  2599 | D:5      | Reached skill level 5 in Spellcasting
  2599 | D:5      | Reached XP level 7. HP: 37/37 MP: 3/14
  2692 | D:5      | Noticed Ijyb
  2761 | D:5      | Noticed a walking divine tome
  2762 | D:5      | Found Ebatuno's Book Shoppe.
  2764 | D:5      | Noticed a walking divine tome
  3074 | D:5      | Killed Ijyb
  3144 | D:5      | Reached skill level 6 in Spellcasting
  3144 | D:5      | Reached XP level 8. HP: 30/42 MP: 5/17
  3315 | D:5      | Reached skill level 1 in Evocations
  3372 | D:5      | Found a transporter.
  3374 | D:5      | Noticed NikiYani's ghost (novice FoFi)
  3426 | D:5      | Found a staircase to the Ecumenical Temple.
  3542 | Temple   | Entered the Ecumenical Temple
  3570 | Temple   | Became a worshipper of Vehumet
  3665 | D:6      | Reached skill level 1 in Maces & Flails
  3697 | D:6      | Found a burning altar of Makhleb.
  3743 | D:6      | Found a blossoming altar of Fedhas.
  3760 | D:6      | Found an ornate altar of the Wu Jian Council.
  3763 | D:6      | Found a shimmering altar of Xom.
  3763 | D:6      | Found a sparkling altar of Nemelex Xobeh.
  3845 | D:6      | Reached skill level 1 in Fire Magic
  3976 | D:6      | Reached skill level 1 in Staves
  3976 | D:6      | Reached skill level 5 in Conjurations
  4000 | D:6      | Reached skill level 7 in Spellcasting
  4052 | D:6      | Reached XP level 9. HP: 46/46 MP: 13/19
  4083 | D:6      | Noticed Eustachio
  4092 | D:6      | Killed Eustachio
  4630 | D:6      | Noticed a cyclops
  4635 | D:6      | Killed a cyclops
  4636 | D:6      | Reached skill level 1 in Fighting
  4683 | D:6      | Found a glowing silver altar of Zin.
  4816 | D:6      | Reached * piety under Vehumet
  4816 | D:6      | Offered knowledge of Freeze by Vehumet.
  4824 | D:6      | Learned a level 6 spell: Bombard
  4906 | D:6      | Found an iron altar of Okawaru.
  5231 | D:7      | Reached skill level 8 in Spellcasting
  5602 | D:7      | Identified the +7 trident "Riga" {flame, rElec Dex+2 SInv
                  | Stlth+}
  5609 | D:7      | Noticed Pikel
  5614 | D:7      | Killed Pikel
  5615 | D:7      | Reached skill level 1 in Armour
  5615 | D:7      | Reached XP level 10. HP: 53/53 MP: 9/22
  5769 | D:7      | Found a white marble altar of Elyvilon.
  6454 | D:8      | Offered knowledge of Static Discharge by Vehumet.
  6544 | D:8      | Noticed Maggie
  6554 | D:8      | Killed Maggie
  6554 | D:8      | Reached ** piety under Vehumet
  6555 | D:8      | Reached skill level 1 in Ice Magic
  6729 | D:8      | Noticed Psyche
  6731 | D:8      | Killed Psyche
  6732 | D:8      | Reached skill level 9 in Spellcasting
  7597 | D:9      | Offered knowledge of Scorch by Vehumet.
  7832 | D:10     | Entered Level 10 of the Dungeon
  8048 | D:10     | Reached XP level 11. HP: 60/60 MP: 20/24
  8050 | D:10     | Reached *** piety under Vehumet
  8118 | D:10     | Noticed a manticore
  8125 | D:10     | Killed a manticore
  8165 | D:10     | Offered knowledge of Hailstorm by Vehumet.
  8379 | D:10     | Found a staircase to the Lair.
  8657 | D:10     | Noticed a two-headed ogre
  8666 | D:10     | Killed a two-headed ogre
  8667 | D:10     | Reached skill level 10 in Spellcasting
  9030 | D:11     | Noticed Snorg
  9050 | D:11     | Killed Snorg
  9487 | D:11     | Noticed a manticore
  9491 | D:11     | Killed a manticore
  9492 | D:11     | Reached skill level 10 in Earth Magic
  9566 | D:11     | Found a portal to a secret trove of treasure.
  9719 | D:11     | Found a runed translucent gate.
  9720 | D:11     | Found a runed translucent gate.
  9721 | D:11     | Found a runed translucent gate.
  9722 | D:11     | Noticed Henri's ghost (journeyman OpSh)
 10161 | D:12     | Reached skill level 1 in Throwing
 10267 | D:12     | Noticed a two-headed ogre
 10268 | D:12     | Noticed a red ugly thing
 10278 | D:12     | Killed a two-headed ogre
 10293 | D:12     | Killed a red ugly thing
 10434 | D:12     | Reached skill level 5 in Fighting
 10443 | D:12     | Noticed a two-headed ogre
 10448 | D:12     | Killed a two-headed ogre
 10449 | D:12     | Reached XP level 12. HP: 68/68 MP: 15/26
 10497 | D:12     | Reached skill level 5 in Evocations
 10577 | D:12     | Reached **** piety under Vehumet
 10705 | D:12     | Offered knowledge of Arcjolt by Vehumet.
 10875 | D:12     | Found a staircase to the Orcish Mines.
 11027 | D:12     | Noticed a tengu warrior
 11030 | D:12     | Killed a tengu warrior
 11030 | D:12     | Noticed a tengu warrior
 11031 | D:12     | Reached skill level 11 in Spellcasting
 11031 | D:12     | Reached skill level 10 in Conjurations
 11035 | D:12     | Killed a tengu warrior
 11093 | D:12     | Learned a level 5 spell: Fireball
 11106 | D:12     | Noticed a tengu warrior
 11106 | D:12     | Noticed a tengu warrior
 11112 | D:12     | Killed a tengu warrior
 11113 | D:12     | Reached skill level 1 in Shields
 11125 | D:12     | Killed a tengu warrior
 11576 | Lair:1   | Entered Level 1 of the Lair of Beasts
 11654 | Lair:1   | Learned a level 5 spell: Iskenderun's Battlesphere
 11747 | Lair:1   | Noticed a minotaur
 11750 | Lair:1   | Noticed kalagan's ghost (journeyman DECj)
 11962 | Lair:1   | Noticed Gastronok
 11977 | Lair:1   | Killed Gastronok
 11978 | Lair:1   | Reached XP level 13. HP: 75/75 MP: 9/28
 12122 | Lair:1   | Found a runed translucent gate.
 12122 | Lair:1   | Found a runed translucent gate.
 12122 | Lair:1   | Found a runed translucent gate.
 12446 | Lair:2   | Reached skill level 12 in Spellcasting
 13165 | Lair:3   | Noticed an eleionoma
 13216 | Lair:3   | Killed an eleionoma
 13257 | Lair:3   | Reached ***** piety under Vehumet
 13257 | Lair:3   | Offered knowledge of Yara's Violent Unravelling by Vehumet.
 13698 | Lair:3   | Found a hole to the Spider Nest.
 13791 | Lair:3   | Noticed Nergalle
 13795 | Lair:3   | Killed Nergalle
 13881 | Lair:3   | Identified the +2 pair of gloves of the Bulwark {rElec
                  | rPois Dex+2}
 14211 | Lair:3   | Found a staircase to the Swamp.
 14361 | Lair:4   | Found a dark tunnel.
 14387 | Volcano  | Entered a volcano
 14553 | Volcano  | Reached skill level 13 in Spellcasting
 14699 | Volcano  | Gained mutation: Your large and strong wings let you fly.
                  | [Gargoyle growth]
 14699 | Volcano  | Reached XP level 14. HP: 83/83 MP: 25/31
 15230 | Lair:4   | Identified the +3 leather armour of Bekesimm {Harm Regen+
                  | Int-3}
 15247 | Lair:4   | Reached skill level 5 in Shields
 15255 | Lair:4   | Noticed mihai's ghost (journeyman MiFi)
 15259 | Lair:4   | Found a runed translucent gate.
 15260 | Lair:4   | Found a runed translucent gate.
 15315 | Lair:4   | Found a runed translucent gate.
 15946 | Lair:5   | Entered Level 5 of the Lair of Beasts
 16025 | Lair:5   | Found a frozen archway.
 16030 | IceCv    | Entered an ice cave
 16459 | IceCv    | Noticed a frost giant
 17164 | IceCv    | Killed a frost giant
 17453 | Lair:5   | Found a staircase to the Slime Pits.
 17453 | Lair:5   | Found a viscous altar of Jiyva.
 17577 | Lair:5   | Reached skill level 14 in Spellcasting
 17931 | Lair:5   | Reached XP level 15. HP: 88/88 MP: 13/33
 17980 | Lair:5   | Offered knowledge of Olgreb's Toxic Radiance by Vehumet.
 17988 | Lair:5   | Learned a level 4 spell: Olgreb's Toxic Radiance
 18241 | Lair:5   | Reached skill level 1 in Alchemy
 18284 | Lair:5   | Found the +8 demon trident "Rift" {distort, reach+}
 18401 | Lair:5   | Reached ****** piety under Vehumet
 19826 | D:14     | Reached skill level 1 in Necromancy
 20316 | D:14     | Identified a scroll of acquirement
 20316 | D:14     | Acquired a staff of conjuration
 20335 | D:14     | Found a runed translucent door.
 20533 | D:14     | Found a hide-covered altar of Uskayaw.
 20632 | D:14     | Found a gate to the Vaults.
 20965 | D:15     | Entered Level 15 of the Dungeon
 20987 | D:15     | Reached skill level 15 in Spellcasting
 21128 | D:15     | Noticed Gabide's ghost (journeyman TeCj)
 21258 | D:15     | Found a runed translucent gate.
 21258 | D:15     | Found a runed translucent gate.
 21258 | D:15     | Found a runed translucent gate.
 21289 | D:15     | Found a staircase to the Depths.
 21290 | D:15     | Noticed a frost giant
 21300 | D:15     | Killed a frost giant
 21934 | Orc:1    | Entered Level 1 of the Orcish Mines
 21955 | Orc:1    | Offered knowledge of Starburst by Vehumet.
 22391 | Orc:2    | Entered Level 2 of the Orcish Mines
 22399 | Orc:2    | Noticed an orc warlord
 22408 | Orc:2    | Reached XP level 16. HP: 93/93 MP: 21/35
 22613 | Orc:2    | Found Bipeunal's Antique Armour Shoppe.
 22658 | Orc:2    | Found Siuvus's Jewellery Boutique.
 23066 | Orc:2    | Found a staircase to the Elven Halls.
 23085 | Orc:2    | Found Buehij's General Store.
 23092 | Orc:2    | Bought a scroll of enchant armour for 135 gold pieces
 23305 | Orc:2    | Found Aphug's Antique Weapon Boutique.
 24063 | D:12     | Learned a level 6 spell: Starburst
 24302 | Spider:1 | Entered Level 1 of the Spider Nest
 24322 | Spider:1 | Offered knowledge of Irradiate by Vehumet.
 24490 | Spider:1 | Slain by a wolf spider

Illustrated notes

Levels and vault maps discovered:
D:1:      psy_arrival_dodecagon, layout_rooms
D:2:      layout_loops_ring, basic_altar, st_stairs_9
D:3:      layout_basic, minmay_misc_feat_pillars
D:4:      minmay_recursive_quarters, layout_basic
D:5:      layout_loops_ring, temple_hall, gammafunk_ghost_mausoleum,
          serial_shops, nicolae_shop_mannequins, skrybe_limestone_x, uniq_ijyb
D:6:      nicolae_cairo_tiling, layout_basic,
          nicolae_overflow_hallway_of_the_gods, hangedman_feature_mirror,
          uniq_eustachio
D:7:      layout_cave_pools, amcnicky_altar_gilded,
          chequers_serial_rivers_micro_c, uniq_pikel
D:8:      layout_loops_ring, uniq_psyche, uniq_maggie
D:9:      layout_stronghold, item_on_display_a
D:10:     layout_stronghold, erik_lair_dragon
D:11:     layout_basic, gammafunk_ghost_necromancy, enter_trove_6, minivault_10,
          uniq_snorg
D:12:     layout_basic, erik_orc_2, hangedman_aviary
D:13:     layout_gridville
D:14:     layout_stronghold, hellmonk_vaults_keyhole, nicolae_water_bricks,
          nicolae_danse_macabre
D:15:     grunt_enter_depths_snipers, layout_rooms, gammafunk_ghost_icy
Temple:   regret_index_temple_sphere_string
Lair:1:   layout_chaotic_city, maelrawn_ghost_gauntlet_escape,
          lemuel_fruit_tree, uniq_gastronok
Lair:2:   layout_big_grid
Lair:3:   minmay_lair_venomous_thicket, layout_concentric_octagons,
          alex1729_swamp_entry_worm_eleionoma, spider_nest_entry_webs,
          grunt_megastairs_1, uniq_nergalle
Lair:4:   layout_roguey, nicolae_volcano_entry_vermiform, gammafunk_ghost_split
Lair:5:   minmay_lair_end_enchanted_forest, layout_loops_ring,
          minmay_slime_entry_pillars, portal_ice_cave_entry_pillars_2,
          infiniplex_staircase_pool_2, lemuel_fruit_fields
Spider:1: cheibrodos_spider_silkery, gammafunk_ghost_cemetery
Orc:1:    layout_caves, basic_altar
Orc:2:    grunt_orc_gardens, layout_diamond_mine, grunt_orc_garden,
          grunt_orc_garden, grunt_orc_garden, grunt_orc_garden, nooodl_orcs_dogs

Skill      XL: |  1  2  3  4  5  6  7  8  9 10 11 12 13 14 15 16 |
---------------+-------------------------------------------------+-----
Earth Magic    | 4 5 6 7 8 9 10 11 12 13 | 13.3
Spellcasting   | 3 4 5 6 7 8 9 10 11 13 14 15 | 15.9
Conjurations   | 2 3 5 7 8 9 10 11 12 13 | 13.8
Evocations     | 1 3 4 5 6 7 8 |  8.7
Maces & Flails | 1 |  1.0
Fire Magic     | 1 2 3 |  3.7
Staves         | 1 |  1.4
Fighting       | 1 3 5 6 7 8 |  8.2
Armour         | 1 3 4 |  4.4
Ice Magic      | 2 3 |  3.0
Throwing       | 1 |  1.8
Shields        | 2 4 6 7 |  7.8
Dodging        | 2 3 |  3.1
Stealth        | 3 |  3.3
Alchemy        | 2 3 |  3.6
Necromancy     | 2 3 |  3.4

Action                     |  1- 3 |  4- 6 |  7- 9 | 10-12 | 13-15 | 16-18 || total
---------------------------+-------+-------+-------+-------+-------+-------++-------
  Melee: Whip              |    16 |    24 |     4 |       |       |       ||    44
         Staff             |       |       |     6 |    49 |    86 |     6 ||   147
  Throw: Dart              |       |       |       |       |     2 |       ||     2
   Cast: Sandblast         |    43 |    60 |     5 |     4 |     9 |     1 ||   122
         Stone Arrow       |       |    14 |   124 |   294 |   475 |   105 ||  1012
         Brom's Barrelling |       |     1 |     4 |    13 |       |     2 ||    20
         Lee's Rapid Decon |       |       |     2 |    17 |    73 |       ||    92
         Bombard           |       |       |       |     6 |    73 |    21 ||   100
         Iskenderun's Batt |       |       |       |     2 |     7 |       ||     9
         Fireball          |       |       |       |       |    38 |    19 ||    57
         Olgreb's Toxic Ra |       |       |       |       |    42 |    37 ||    79
  Evoke: Wand              |       |       |       |     9 |     5 |       ||    14
    Use: Scroll            |       |     4 |     2 |    15 |    13 |     2 ||    36
         Potion            |       |     1 |     2 |     3 |    10 |       ||    16
   Stab: Sleeping          |     1 |     1 |       |       |       |       ||     2
         Distracted        |     1 |       |       |       |       |       ||     1
         Paralysed         |       |       |       |     4 |       |       ||     4
 Armour: Robe              |    18 |    31 |    73 |   103 |     8 |       ||   233
         Leather armour    |       |       |       |    29 |       |       ||    29
         Troll leather arm |       |       |       |    13 |   410 |    67 ||   490
  Dodge: Dodged            |    14 |    42 |    49 |   115 |   206 |    44 ||   470
  Block: Buckler           |       |       |       |     7 |   189 |    35 ||   231
